 Dungeon Crawl Stone Soup version 0.31.0-11-ge490571c62 (webtiles) character file.

Game seed: 14154403367541506441

75 Aviak the Insei (level 4, -3/30 HPs)
             Began as an Octopode Reaver on Feb 3, 2024.
             Slain by a gnoll
             ... wielding a +0 halberd
              (10 damage)
             ... on level 2 of the Dungeon.
             The game lasted 00:01:27 (1151 turns).

Aviak the Insei (Octopode Reaver)                   Turns: 1151, Time: 00:01:27

Health: -3/30      AC:  1    Str: 11    XL:     4   Next: 31%
Magic:  7/7        EV: 13    Int: 15    God:
Gold:   80         SH:  4    Dex: 12    Spells: 6/7 levels left

rFire   . .          .
                       - Unarmed
rCold   . . .        k - +0 buckler
rNeg    . . .        (helmet restricted)
rPois   .            (no amulet)
rElec   .            (no ring)
rCorr   .            (no ring)
SInv    .            (no ring)
Will    .....        (no ring)
Stlth   ++           (no ring)
HPRegen 0.25/turn    (no ring)
MPRegen 0.10/turn    (no ring)
                     (no ring)

%: no passive effects
@: hasted, very quick
A: almost no armour, amphibious, 8 rings, camouflage 1, gelatinous body 1,
(nimble swimmer 1), tentacles
a: no special abilities


You were on level 2 of the Dungeon.
You visited 1 branch of the dungeon, and saw 2 of its levels.

You collected 80 gold pieces.

Inventory:

Armour
 k - a +0 buckler (worn)
Jewellery
 a - an amulet of faith {!P}
Scrolls
 d - a scroll of fear {unknown}
 e - a scroll of identify {unknown}
 f - a scroll of enchant armour {unknown}
 h - a scroll of immolation {unknown}
 i - a scroll of acquirement {unknown}
 m - a scroll of fog {unknown}
Potions
 c - a potion of invisibility {unknown}
 g - a potion of brilliance {unknown}
 j - a potion of lignification {unknown}
 l - a potion of curing {unknown}


   Skills:
 + Level 2.8 Fighting
 + Level 2.9 Dodging
 + Level 1.2 Shields
 + Level 3.6 Unarmed Combat
 - Level 2.0 Spellcasting
 - Level 3.0 Conjurations


You had 6 spell levels left.
You knew the following spells:

 Your Spells              Type           Power      Damage    Failure   Level
a - Kiss of Death         Conj/Necr      24%        2d7       17%         1

Your spell library contained the following spells:

 Spells                   Type           Power      Damage    Failure   Level
 Foxfire                  Conj/Fire      24%        2x1d5     17%         1
 Momentum Strike          Conj/Tloc      12%        3d8       26%         2
 Slow                     Hex            4%         N/A       32%         1
 Hailstorm                Conj/Ice       6%         3d5       45%         3
 Confusing Touch          Hex            1%         N/A       67%         3
 Sigil of Binding         Hex            1%         N/A       67%         3
 Vampiric Draining        Necr           1%         2d6       67%         3
 Plasma Beam              Fire/Air       0%         2x1d10    100%        6
 Starburst                Conj/Fire      3%         6d3       100%        6


Dungeon Overview and Level Annotations

Branches:
Dungeon (2/15)

Altars:

Shops:
D:1 ?


Innate Abilities, Weirdness & Mutations

You cannot wear most types of armour.
You are amphibious.
You can wear up to eight rings at the same time.
Your skin changes colour to match your surroundings (Stealth+).
Your rubbery body absorbs attacks. (AC +1, EV +1)
((You are camouflaged when in or above water. (Stealth+)))
You have tentacles for arms and can constrict up to eight enemies at once.


Message History

A gnoll comes into view. It is wielding a +0 halberd.
You block the gnoll's attack.
The gnoll shouts! x2
You tentacle-slap the gnoll. You grab the gnoll. You squeeze the gnoll!
The gnoll is severely wounded.
You constrict the gnoll. The bat closely misses you.
The gnoll struggles to escape constriction.
You tentacle-slap the gnoll but do no damage.
The gnoll is almost dead.
You constrict the gnoll, but do no damage.
The bat closely misses you. The gnoll barely misses you.
You release your grip on the gnoll.
The bat closely misses you. The gnoll attacks as it pursues you!
The gnoll hits you with a +0 flail! The bat misses you.
The bat closely misses you.
It was a potion of haste.
You feel yourself speed up. The bat hits you but does no damage.
You miss the bat. You grab the bat. You constrict the bat. The bat misses you.
You tentacle-slap the bat but do no damage.
You constrict the bat. The bat barely misses you.
You tentacle-slap the bat.
You kill the bat!
The gnoll closely misses you.
You closely miss the gnoll. You grab the gnoll.
The gnoll is severely wounded.
You constrict the gnoll, but do no damage.
The gnoll hits you from afar with a +0 halberd!
* * * LOW HITPOINT WARNING * * *
The gnoll closely misses you.
You tentacle-slap the gnoll but do no damage.
The gnoll is severely wounded.
You constrict the gnoll, but do no damage.
The gnoll barely misses you. The gnoll misses you.
You tentacle-slap the gnoll but do no damage.
The gnoll is severely wounded.
You constrict the gnoll. You tentacle-slap the gnoll.
You kill the gnoll!
The gnoll hits you from afar with a +0 halberd!
You die...

...# .### ## # # .#
## # .##... #.....
##...#.#
############g.....#
##.##......@)gg....#
#.......#######..###
##.##...# ....
#.###### #### #.#
####.#### #.......#
#.##.##.##
#.##.#...####


You could see 3 gnolls.

Vanquished Creatures
  A gnoll (D:2)
  5 adders (D:2)
  A ribbon worm (D:2)
  3 bats
  2 endoplasms
  2 hobgoblins (D:2)
  3 jackals (D:1)
  6 ball pythons
  2 goblins
  3 kobolds
  2 rats (D:1)
30 creatures vanquished.

Notes
Turn   | Place    | Note
-------+----------+-------------------------------------------
     0 | D:1      | Aviak the Octopode Reaver began the quest for the Orb.
     0 | D:1      | Reached XP level 1. HP: 14/14 MP: 3/3
   152 | D:1      | Found Nurauc's Magic Scroll Boutique.
   389 | D:1      | Reached XP level 2. HP: 19/19 MP: 5/5
   767 | D:2      | Reached XP level 3. HP: 25/25 MP: 6/6
   951 | D:2      | Reached skill level 1 in Shields
  1040 | D:2      | Reached XP level 4. HP: 30/30 MP: 7/7
  1151 | D:2      | Slain by a gnoll

Illustrated notes

Levels and vault maps discovered:
D:1:      minmay_arrival_three_doors, layout_loops_ring, serial_shops,
          nicolae_shop_window_shopping
D:2:      minmay_razor_zed, layout_loops_corners, basic_altar,
          minmay_snake_closets

Skill      XL: |  1  2  3 |
---------------+----------+-----
Shields        | 1 |  1.2
Fighting       | |  2.8
Dodging        | |  2.9
Unarmed Combat | |  3.6
Spellcasting   | |  2.0
Conjurations   | |  3.0

Action                     |  1- 3 |  4- 6 || total
---------------------------+-------+-------++-------
  Melee: Unarmed           |    59 |    15 ||    74
         Constrict         |    11 |     5 ||    16
         Tentacles         |     7 |     2 ||     9
         Punch             |     4 |       ||     4
    Use: Potion            |     1 |     1 ||     2
   Stab: Sleeping          |     3 |       ||     3
 Armour: Skin              |    29 |    10 ||    39
  Dodge: Dodged            |    51 |    18 ||    69
  Block: Buckler           |     5 |     3 ||     8
